Map: Prion Terraces

Players

Miszu

  • Race: Terran Terran
  • League: Grandmaster

Hymy - Winner!

  • Race: Protoss Protoss
  • League: Master

VOD

Have the link to the VOD?

Description

Time

  • Played on: Feb. 22, 2016, 7:11 a.m.
  • Length: 5:07
Show
View Real Time Build Order
Export as new Build Order

Miszu Terran 

Build Orders: Command Center First (CC) 

Get SALT Encoding   

  12  0:01  SCV  
  13  0:14  SCV  
  14  0:17  Supply Depot  
  14  0:26  SCV  
  15  0:43  SCV  
  16  0:55  SCV  
  17  1:06  Command Center  
  17  1:09  SCV  
  18  1:21  SCV  
  19  1:27  Barracks  
  19  1:33  SCV  
  19  1:34  Barracks  
  20  1:45  SCV  
  20  1:46  Barracks  
  21  1:57  SCV  
  22  2:13  Orbital Command  
  22  2:14  Marine  
  23  2:20  Orbital Command  
  23  2:24  Marine  
  24  2:32  Marine  
  24  2:35  Marine  
  26  2:40  Refinery, SCV  
  26  2:42  Refinery, Marine  
  28  2:45  SCV  
  29  2:54  Marine, SCV  
  29  2:55  Marine  
  32  2:58  SCV  
  32  3:01  Supply Depot  
  32  3:02  Marine  
  34  3:06  SCV  
  34  3:11  SCV  
  34  3:12  Marine  
  36  3:14  Barracks Tech Lab  
  36  3:18  SCV  
  38  3:22  Marine  
  38  3:23  SCV  
  38  3:25  Supply Depot  
  40  3:30  Supply Depot, Marine, SCV  
  40  3:32  Marine  
  43  3:35  SCV  
  43  3:40  Marine  
  45  3:42  SCV  
  45  3:47  SCV  
  45  3:48  Marine  
  47  3:50  Factory, Marine  
  47  3:51  Engineering Bay  
  47  3:53  Supply Depot  
  47  3:54  SCV  
  50  3:58  Marine  
  50  3:59  SCV  
  52  4:05  Refinery  
  52  4:06  Marine  
  52  4:07  SCV  
  52  4:08  Supply Depot, Marine  
  55  4:11  SCV  
  56  4:17  Supply Depot  
  56  4:19  SCV  
  56  4:23  Marine, SCV  
  56  4:24  Marine  
  60  4:26  Marine  
  60  4:31  SCV  
  62  4:34  Starport  
  62  4:35  SCV  
  63  4:39  Factory Reactor  
  63  4:41  Marine  
  63  4:43  SCV  
  63  4:45  Supply Depot  
  65  4:47  SCV  
  66  4:57  Barracks Tech Lab  
  66  4:59  Supply Depot  
  70  5:00  Barracks Reactor  
Show
View Real Time Build Order
Export as new Build Order

Hymy Protoss - Winner!

Build Orders: 1 Gate Expand, Dark Templar Rush 

Get SALT Encoding   

  12  0:01  Probe (Chrono Boost)  
  13  0:11  Probe (Chrono Boost)  
  14  0:17  Pylon  
  14  0:22  Probe (Chrono Boost)  
  16  0:35  Probe (Chrono Boost)  
  16  0:36  Gateway  
  16  0:46  Probe (Chrono Boost)  
  16  0:47  Assimilator  
  17  0:57  Probe (Chrono Boost)  
  18  1:07  Probe (Chrono Boost)  
  19  1:25  Nexus  
  19  1:32  Probe (Chrono Boost)  
  20  1:37  Cybernetics Core  
  20  1:43  Probe (Chrono Boost)  
  21  1:47  Assimilator  
  21  1:53  Probe (Chrono Boost)  
  22  1:57  Pylon  
  22  2:06  Probe (Chrono Boost)  
  23  2:16  Adept  
  23  2:17  Warp Gate, Probe (Chrono Boost)  
  26  2:28  Robotics Facility  
  26  2:34  Probe (Chrono Boost)  
  27  2:38  Probe (Chrono Boost)  
  28  2:51  Twilight Council, Probe (Chrono Boost)  
  29  2:53  Probe (Chrono Boost)  
  30  3:02  Mothership Core (Chrono Boost)  
  30  3:04  Probe (Chrono Boost)  
  33  3:10  Pylon  
  33  3:14  Probe (Chrono Boost)  
  33  3:16  Warp Prism  
  36  3:20  Probe (Chrono Boost)  
  36  3:27  Probe (Chrono Boost)  
  38  3:30  Dark Shrine  
  38  3:31  Probe (Chrono Boost)  
  39  3:37  Gateway  
  39  3:41  Gateway  
  39  3:44  Probe (Chrono Boost)  
  39  3:46  Probe (Chrono Boost)  
  41  3:54  Probe (Chrono Boost)  
  41  3:55  Observer (Chrono Boost)  
  43  3:58  Probe (Chrono Boost)  
  43  3:59  Assimilator  
  43  4:01  Assimilator  
  44  4:03  Pylon  
  44  4:05  Probe  
  44  4:09  Probe  
  46  4:24  Observer (Chrono Boost)  
  47  4:31  Probe  
  48  4:32  Pylon  
  48  4:36  Probe  
  49  4:43  Dark Templar x2, Probe  
  54  4:46  Probe  
  54  4:48  Dark Templar  
  54  4:51  Nexus  
  54  4:52  Pylon  
  57  4:54  Pylon  
  59  5:03  Pylon  
Tags
 
Add a new tag
Caveats
  • Supply blocks, unpowered buildings, or Contaminate may cause inaccurate times.
  • Supply counts are checked every 10 seconds.